 Dungeon Crawl Stone Soup version 0.30.1-11-g7821555f0a (webtiles) character file.

Game seed: 14733165363678534241

737 Ivernyr the Shield-Bearer (level 8, -2/62 HPs)
             Began as a Formicid Fighter on Dec 7, 2023.
             Slain by a phantom (4 damage)
             ... on level 5 of the Dungeon.
             The game lasted 00:05:34 (3357 turns).

Ivernyr the Shield-Bearer (Formicid Fighter)        Turns: 3357, Time: 00:05:35

Health: -2/62      AC:  3    Str: 22    XL:     8   Next: 4%
Magic:  8/8        EV:  9    Int:  9    God:
Gold:   267        SH:  5    Dex: 13    Spells: 7/7 levels left

rFire   . . .        a - +0 quarterstaff
rCold   . . .        c - +0 buckler
rNeg    . . .        b - +0 scale mail
rPois   .            (helmet unavailable)
rElec   .            (no cloak)
rCorr   .            (no gloves)
SInv    +            (no boots)
Will    .....        (no amulet) Stlth
                     (no ring)
HPRegen 0.30/turn    (no ring)
MPRegen 0.11/turn

%: no passive effects
@: corroded
A: permanent stasis, dig shafts and tunnels, antennae 3, four strong arms
a: Dig, Shaft Self


You were on level 5 of the Dungeon.
You visited 1 branch of the dungeon, and saw 5 of its levels.

You collected 267 gold pieces.

Inventory:

Hand Weapons
 a - a +0 quarterstaff (weapon)
Missiles
 u - a throwing net
Armour
 b - a +0 scale mail (worn)
 c - a +0 buckler (worn)
Jewellery
 q - a ring of flight
Wands
 s - a wand of charming (12)
 w - a wand of mindburst (15)
Scrolls
 e - a scroll of noise {unknown}
 f - 3 scrolls of fog {unknown}
 g - a scroll of brand weapon {unknown}
 h - a scroll of enchant armour {unknown}
 j - 2 scrolls of blinking {unknown}
 m - a scroll of summoning {unknown}
 o - 4 scrolls of identify {unknown}
 p - 2 scrolls of immolation {unknown}
 r - a scroll of magic mapping {unknown}
 t - a scroll of torment {unknown}
Potions
 d - 4 potions of might
 i - 2 potions of lignification {unknown}
 k - 3 potions of curing {unknown}
 l - a potion of attraction {unknown}
 n - a potion of flight {unknown}
 v - a potion of heal wounds {unknown}


   Skills:
 + Level 5.2 Fighting
 * Level 5.5 Staves
 + Level 5.1 Armour
 + Level 6.2 Shields


You had 7 spell levels left.
You didn't know any spells.
Your spell library was empty.

Dungeon Overview and Level Annotations

Branches:
Dungeon (5/15)
 Temple: D:4-7

Altars:
Fedhas
Xom


Innate Abilities, Weirdness & Mutations

You cannot be hasted, slowed, berserked, paralysed or teleported.
You can dig through walls and to a lower floor.
You have a pair of large antennae on your head. (SInv)
Your four strong arms can wield two-handed weapons with a shield.


Message History

The jelly is severely wounded.
You block the jelly's attack.
You hit the jelly but do no damage.
Your hands burn!
The jelly is severely wounded.
The jelly hits you.
You are splashed with acid!
You hit the jelly but do no damage.
Your hands burn!
The jelly is severely wounded.
The jelly hits you.
You are splashed with acid!
A phantom comes into view.
You hit the jelly.
Your hands burn!
The jelly is almost dead.
The jelly barely misses you.
You barely miss the jelly.
The jelly is almost dead.
The jelly hits you.
You are splashed with acid!
You hit the jelly.
You kill the jelly!
The phantom hits you but does no damage.
You have reached level 8!
You feel clever. The iguana barely misses you. The phantom hits you.
* * * LOW HITPOINT WARNING * * *
The iguana attacks as you move away! The iguana bites you!
* * * LOW HITPOINT WARNING * * *
There is a stone staircase leading down here.
You hit the iguana but do no damage. The iguana bites you.
* * * LOW HITPOINT WARNING * * *
You sock the iguana!
The iguana is heavily wounded.
The iguana closely misses you.
You sock the iguana!
You kill the iguana!
You hit the phantom.
The phantom is moderately damaged.
The phantom hits you!
* * * LOW HITPOINT WARNING * * *
You hit the phantom.
The phantom is moderately damaged.
The phantom hits you.
You die...

...# ...####..##.......###
......... .......... .
...###...##........# .. ...#
............ ..# ...#
..?......##.... .###
..........### .# #.##........
.###### #..W@#... ......## #
##..###.# . {
.......###?#.......#...
........##............>
...............>.#####
........##.#.....#### .
....................# ##..
.....!..##.########.###......
.# ........##.#
#.........###.#


You could see a phantom.

Vanquished Creatures
  Sigmund (D:2)
  A phantom (D:4)
  A scorpion (D:5)
  A howler monkey (D:4)
  A jelly (D:5)
  5 hounds
  An iguana (D:5)
  A sleepcap (D:5)
  Robin (D:4)
  6 adders
  A worm (D:2)
  5 dart slugs
  5 orcs
  5 endoplasms
  6 giant cockroaches
  11 goblins
  12 hobgoblins
  4 jackals (D:3)
  5 kobolds
  3 quokkas (D:1)
  14 ball pythons
  2 bats
  3 frilled lizards
  6 rats
101 creatures vanquished.

Notes
Turn   | Place    | Note
-------+----------+-------------------------------------------
     0 | D:1      | Ivernyr the Formicid Fighter began the quest for the Orb.
     0 | D:1      | Reached XP level 1. HP: 18/18 MP: 1/1
   101 | D:1      | Reached XP level 2. HP: 24/24 MP: 2/2
   280 | D:1      | Reached XP level 3. HP: 27/29 MP: 3/3
   766 | D:2      | Reached XP level 4. HP: 35/37 MP: 4/4
   977 | D:2      | Noticed Sigmund
   994 | D:2      | Killed Sigmund
   995 | D:2      | Reached skill level 5 in Shields
   995 | D:2      | Reached XP level 5. HP: 13/42 MP: 5/5
   995 | D:2      | Reached XP level 6. HP: 15/48 MP: 6/6
  1992 | D:4      | Noticed Robin
  2003 | D:4      | HP: 2/49 [Robin/+2 mace of protection (8)]
  2005 | D:4      | You fall into a shaft and drop 1 floor!
  2005 | D:5      | Entered Level 5 of the Dungeon
  2213 | D:5      | Reached XP level 7. HP: 23/55 MP: 7/7
  2523 | D:4      | Found a blossoming altar of Fedhas.
  2523 | D:4      | Found a shimmering altar of Xom.
  2668 | D:4      | Killed Robin
  2669 | D:4      | Reached skill level 5 in Staves
  2818 | D:4      | Reached skill level 5 in Fighting
  2837 | D:4      | Reached skill level 6 in Shields
  2895 | D:4      | Reached skill level 5 in Armour
  3350 | D:5      | Reached XP level 8. HP: 20/62 MP: 8/8
  3356 | D:5      | HP: 2/62 [phantom (7)]
  3357 | D:5      | Slain by a phantom

Illustrated notes

Levels and vault maps discovered:
D:1:      dpeg_arrival_radiant, layout_loops_ring
D:2:      layout_rooms, grunt_decor_fettered, uniq_sigmund
D:3:      layout_rooms
D:4:      layout_loops_ring, nicolae_overflow_two_pavilions,
          portal_sewer_entry_a, uniq_robin
D:5:      layout_rooms

Skill      XL: |  1  2  3  4  5  6  7 |
---------------+----------------------+-----
Staves         | 4 5 |  5.5
Fighting       | 4 5 |  5.2
Armour         | 4 5 |  5.1
Shields        | 5 6 |  6.2

Action                     |  1- 3 |  4- 6 |  7- 9 || total
---------------------------+-------+-------+-------++-------
  Melee: Quarterstaff      |    68 |   128 |   126 ||   322
Ability: Shaft Self        |       |     1 |       ||     1
 Armour: Scale mail        |    24 |    54 |    52 ||   130
  Dodge: Dodged            |    30 |    69 |    53 ||   152
  Block: Buckler           |    15 |    43 |    34 ||    92
